 Dungeon Crawl Stone Soup version 0.28.0-53-g5a82cb258f (webtiles) character file.

Game seed: 15429704417058688454

16 Raiden350 the Skirmisher (level 2, -1/24 HPs)
             Began as a Demonspawn Abyssal Knight on July 17, 2022.
             Was a Follower of Lugonu.
             Slain by a quokka (3 damage)
             ... on level 1 of the Dungeon.
             The game lasted 00:01:42 (343 turns).

Raiden350 the Skirmisher (Demonspawn Abyssal Knight) Turns: 343, Time: 00:01:43

Health: -1/24      AC:  5    Str: 13    XL:     2   Next: 37%
Magic:  4/4        EV: 10    Int: 11    God:    Lugonu [*.....]
Gold:   15         SH:  0    Dex: 13    Spells: 1/1 levels left

rFire   . . .      SeeInvis .   a - +1 falchion
rCold   . . .      Faith    .   (no shield)
rNeg    . . .      Spirit   .   c - +0 ring mail
rPois   .          Reflect  .   (no helmet)
rElec   .          Harm     .   (no cloak)
rCorr   .          Rampage  .   (no gloves)
Will    .....                   (no boots)
Stlth   +.........              (no amulet)
HPRegen 0.08/turn               (no ring)
MPRegen 0.09/turn               (no ring)

@: no status effects
A: demonic guardian 1
a: Renounce Religion, Depart the Abyss


You were on level 1 of the Dungeon.
You worshipped Lugonu.
Lugonu was aware of your devotion.
You visited 1 branch of the dungeon, and saw 1 of its levels.
You visited the Abyss 1 time.

You collected 15 gold pieces.

Inventory:

Hand Weapons
 a - a +1 falchion (weapon)
Missiles
 d - a throwing net
Armour
 b - a +0 leather armour
 c - a +0 ring mail (worn)


   Skills:
 + Level 3.2 Fighting
 + Level 2.1 Long Blades
 + Level 2.0 Armour
 - Level 0.8 Dodging
 + Level 2.9 Invocations


You had one spell level left.
You didn't know any spells.
Your spell library contained the following spells:

 Spells                   Type           Power      Damage    Failure   Level
 Animate Skeleton         Necr           0%         N/A       58%         1
 Pain                     Necr           0%         1d4       58%         1
 Vampiric Draining        Necr           0%         2d6       92%         3


Dungeon Overview and Level Annotations

Branches:
Dungeon (1/15)

Altars:


Innate Abilities, Weirdness & Mutations

A weak demonic guardian rushes to your aid.


Message History

You closely miss the hobgoblin.
The hobgoblin hits you but does no damage.
The bat closely misses you. The bat barely misses you.
The bat barely misses you.
You slash the hobgoblin!
You kill the hobgoblin!
Lugonu accepts your kill. The bat hits you.
The bat hits you but does no damage.
You slash the bat!
You kill the bat!
Lugonu accepts your kill.
You barely miss the quokka. The quokka bites you. x2
You hit the quokka but do no damage.
The quokka bites you but does no damage.
You closely miss the quokka.
The quokka bites you but does no damage.
You closely miss the quokka.
The quokka bites you but does no damage.
The quokka barely misses you.
You barely miss the quokka.
The quokka bites you but does no damage.
The endoplasm freezes you.
You are frozen.
You miss the quokka. The quokka closely misses you. The endoplasm freezes you.
You are frozen.
* * * LOW HITPOINT WARNING * * *
The quokka completely misses you.
You closely miss the quokka. The endoplasm barely misses you.
The quokka barely misses you.
You hit the quokka but do no damage.
The quokka bites you but does no damage.
The endoplasm hits you.
* * * LOW HITPOINT WARNING * * *
A demonic guardian appears!
The endoplasm hits you.
* * * LOW HITPOINT WARNING * * *
The quokka bites you.
You die...

.......?......##########
.........#....#)........
..............#.8.8.#'#+
............#.#..8..#.<. #####
#.......$#.#...#.8.8.#### #...#
#.#...#........#......... #.#.#
#.#.#.##.5..######...⌠... #.#.#
#.#.#..#r##.# ##....8. #.#.#
#.#....#@# .$.#.####.⌠...
#.#.###.##...J.# #...#..##..†.
#.#...#.##.....# #......###†#
#.###.#.##.....######...##.....
#.# #...###........#...........
#.# ##..# #....###.............
#.## #..# #.....# #............
#..# #.)# #...#.###............
##.# #..###...................#


You could see an endoplasm, a quokka (ally target) and a friendly shadow imp
(summoned).

Vanquished Creatures
  2 endoplasms (D:1)
  A goblin (D:1)
  2 hobgoblins (D:1)
  3 jackals (D:1)
  A ball python (D:1)
  A bat (D:1)
  4 rats (D:1)
14 creatures vanquished.

Vanquished Creatures (collateral kills)
  A kobold (D:1)
1 creature vanquished.

Grand Total: 15 creatures vanquished

Notes
Turn   | Place    | Note
-------+----------+-------------------------------------------
     0 | Abyss:1  | Raiden350 the Demonspawn Abyssal Knight began the quest for
                  | the Orb.
     0 | Abyss:1  | Reached XP level 1. HP: 18/18 MP: 2/2
     0 | D:1      | Escaped the Abyss
    46 | D:1      | Gained mutation: A weak demonic guardian rushes to your
                  | aid. [demonic ancestry]
    46 | D:1      | Reached XP level 2. HP: 22/24 MP: 4/4
   205 | D:1      | Reached * piety under Lugonu
   343 | D:1      | Slain by a quokka

Illustrated notes

Levels and vault maps discovered:
D:1:      ncdulo_halloftheorcs, layout_rooms

Skill      XL: |  1 |
---------------+----+-----
Long Blades    | 2 |  2.1
Armour         | 2 |  2.0
Fighting       | |  3.2
Dodging        | |  0.8
Invocations    | |  2.9

Action                   || total
-------------------------++-------
Melee: Falchion          ||    43
       Punch             ||     1
Invok: Depart the Abyss  ||     1
Armor: Leather armour    ||     2
       Ring mail         ||    14
Dodge: Dodged            ||    26
